 Dungeon Crawl Stone Soup version 0.21.1-1-g345015f (webtiles) character file.

0 Goblin1989 the Vexing (level 1, -1/13 HPs)
             Began as a Demonspawn Enchanter on Mar 2, 2018.
             Killed from afar by a dart slug (4 damage)
             ... with a slug dart
             ... on level 1 of the Dungeon.
             The game lasted 00:00:47 (38 turns).

Goblin1989 the Vexing (Demonspawn Enchanter)          Turns: 38, Time: 00:00:48

Health: -1/13      AC:  3    Str:  8    XL:     1   Next: 0%
Magic:  0/3        EV: 12    Int: 16    God:
Gold:   0          SH:  0    Dex: 13    Spells: 3/4 levels left

rFire    . . .     SeeInvis .   a - +1 dagger
rCold    . . .     Gourm    .   (no shield)
rNeg     . . .     Faith    .   b - +0 robe
rPois    .         Spirit   .   f - +0 helmet
rElec    .         Reflect  .   (no cloak)
rCorr    .         Harm     .   (no gloves)
MR       .....                  (no boots)
Stlth    ++........             (no amulet)
HPRegen  0.04/turn              (no ring)
MPRegen  0.08/turn              (no ring)

@: very slightly contaminated
A: no striking features
a: no special abilities


You were on level 1 of the Dungeon.
You were not hungry.

You visited 1 branch of the dungeon, and saw 1 of its levels.

Inventory:

Hand Weapons
 a - a +1 dagger (weapon)
Armour
 b - a +0 robe (worn)
 f - a +0 helmet (worn)
Books
 c - a book of Maledictions

   Spells                             Type                      Level
   a - Corona                         Hexes                        1
   b - Ensorcelled Hibernation        Hexes/Ice                    2
   c - Confuse                        Hexes                        3
   d - Tukima's Dance                 Hexes                        3
   e - Dazzling Spray                 Conjuration/Hexes            3
Comestibles
 e - a ration


   Skills:
 + Level 0.8 Short Blades
 - Level 1.7 Dodging
 - Level 2.6 Stealth
 - Level 2.0 Spellcasting
 - Level 3.0 Hexes


You had 3 spell levels left.
You knew the following spells:

 Your Spells              Type           Power        Failure   Level  Hunger
a - Corona                Hex            ##.....      6%          1    #......


Dungeon Overview and Level Annotations

Branches:
Dungeon (1/15)

Altars:


Message History

e - a ration You become an orb of ice!
Welcome, Goblin1989 the Demonspawn Enchanter.
Will you be the one to retrieve the fabulous Orb of Zot from the depths?
Press ? for a list of commands and other information.
Found a staircase leading out of the dungeon.
f - a helmet Wear which item? (? for menu, Esc to quit)
You start putting on your armour.
You continue putting on your helmet. x4
You finish putting on your +0 helmet.
Found a stone staircase leading down.
A bat comes into view.
The bat hits you but does no damage. The bat misses you.
The bat hits you but does no damage. The bat hits you.
You take 1 damage, and have 12/13 hp.
You barely miss the bat. The bat hits you but does no damage.
You closely miss the bat. The bat closely misses you.
A rat and a kobold come into view.
The kobold shouts!
You hear an angry hiss.
The bat closely misses you.
Health restored: 13 You closely miss the bat.
The bat barely misses you. The bat closely misses you.
You closely miss the bat. The bat misses you.
The kobold hits you with a short sword.
You take 4 damage, and have 9/13 hp.
MASSIVE DAMAGE!!
You hit the bat but do no damage. The bat barely misses you. x2
The kobold closely misses you. The bat barely misses you.
You hit the bat but do no damage. The bat barely misses you.
The kobold closely misses you.
You barely miss the bat. The bat barely misses you.
The kobold hits you but does no damage.
You hit the bat.
The bat is moderately wounded.
The bat barely misses you. The kobold hits you with a short sword.
You take 3 damage, and have 6/13 hp.
MASSIVE DAMAGE!!
You are too injured to fight recklessly!
You are too injured to fight recklessly!
You are too injured to fight recklessly!
You are too injured to fight recklessly!
You are too injured to fight recklessly!
You are too injured to fight recklessly!
You are too injured to fight recklessly!
You are too injured to fight recklessly!
You are too injured to fight recklessly!
The bat barely misses you.
A dart slug comes into view.
The bat hits you but does no damage. The bat hits you but does no damage. x2
The bat hits you but does no damage.
Casting: Corona
Confirm with . or Enter, or press ? or * to list all spells.
Aiming: Corona
Press: ? - help, Shift-Dir - straight line, f - dart slug
Aim: a dart slug (clinging, chance to defeat MR: 64%)
You miscast Corona.
You are very lightly contaminated with residual magic.
Multicoloured lights dance before your eyes!
The bat barely misses you. x2
You now have 2/3 mp.
The bat hits you.
* * * LOW HITPOINT WARNING * * *
The dart slug launches a dart at you. The slug dart misses you.
The slug dart hits the bat.
The bat dies!
You take 1 damage, and have 5/13 hp.
Casting: Corona
Confirm with . or Enter, or press ? or * to list all spells.
Aiming: Corona
Press: ? - help, Shift-Dir - straight line, f/p - dart slug
Aim: a dart slug (clinging, chance to defeat MR: 64%)
The dart slug barely resists.
You now have 1/3 mp.
Casting: Corona
Confirm with . or Enter, or press ? or * to list all spells.
Aiming: Corona
Press: ? - help, Shift-Dir - straight line, f/p - dart slug
Aim: a dart slug (clinging, chance to defeat MR: 64%)
The dart slug is outlined in light.
The kobold hits you with a short sword.
* * * LOW HITPOINT WARNING * * *
The dart slug launches a dart at you. The slug dart hits you!
You die...

█.█.█ ███ █.█
███...██..█ █..
█.█......█ █.█
█.......█ █.█
█.█.█..██ ██.██
█r█.█.█.███.█.██
█.█r█.██.█.█.█.█
█.█K█.███.█.<.█
█.█@█.██.█.█.█.█
..█.█.█.███.█.██
███w█..██ ██.██
█.█..█ █.█
█.██.█ █.█
█.██.. █..
█.███.. ██ █.█
.█ >█


You could see a dart slug, a kobold and a rat.

Vanquished Creatures (others)
  A bat (D:1)
1 creature vanquished.

Notes
Turn   | Place    | Note
-------+----------+-------------------------------------------
     0 | D:1      | Goblin1989 the Demonspawn Enchanter began the quest for the Orb.
     0 | D:1      | Reached XP level 1. HP: 13/13 MP: 3/3
    38 | D:1      | Killed from afar by a dart slug

Action                   || total
-------------------------++-------
Melee: Dagger            ||     8
 Cast: Corona            ||     2
Armor: Robe              ||     7
Dodge: Dodged            ||    18

Vault maps used:
D:1:      minmay_arrival_diagonal_passages
